 Dungeon Sprint DCSS version 0.26-a0-667-g92642533e4 (webtiles) character file.

Game seed: 11641844547128876427

42 mhtbhm the Ruffian (level 3, 0/26 HPs)
             Began as a Formicid Transmuter on Oct 17, 2020.
             Slain by an ogre
             ... wielding a +0 giant spiked club
              (26 damage)
             ... in the Dungeon (Sprint IX: "|||||||||||||||||||||||||||||").
             The game lasted 00:00:19 (61 turns).

mhtbhm the Ruffian (Formicid Transmuter)              Turns: 61, Time: 00:00:20

Health: 0/26       AC:  2    Str: 15    XL:     3   Next: 80%
Magic:  5/8        EV: 13    Int: 12    God:
Gold:   0          SH:  0    Dex: 11    Spells: 8/9 levels left

rFire    . . .     SeeInvis +     - Unarmed
rCold    . . .     Faith    .   (no shield)
rNeg     . . .     Spirit   .   a - +0 robe
rPois    .         Reflect  .   (helmet unavailable)
rElec    .         Harm     .   (no cloak)
rCorr    .         Rampage  .   (no gloves)
MR       .....                  (boots currently unavailable)
Stlth    +.........             (no amulet)
HPRegen  0.08/turn              (no ring)
MPRegen  0.11/turn              (no ring)

@: appendages (expiring)
A: permanent stasis, dig shafts and tunnels, four strong arms, antennae 3,
talons 2
a: Dig, End Transformation


You were in the Dungeon.
You had grown temporary talons.
You visited 1 branch

Inventory:

Armour
 a - a +0 robe (worn)
Potions
 e - 2 potions of magic


   Skills:
 + Level 1.1 Fighting
 + Level 2.8 Dodging
 + Level 5.7 Unarmed Combat
 + Level 3.5 Spellcasting
 + Level 3.4 Transmutations


You had 8 spell levels left.
You knew the following spells:

 Your Spells              Type           Power        Failure   Level
a - Beastly Appendage     Tmut           ##....       5%          1

Your spell library contained the following spells:

 Spells                   Type           Power        Failure   Level
 Wereblood                Tmut           ##......     9%          2
 Spider Form              Tmut/Pois      #.........   34%         3
 Ice Form                 Ice/Tmut       #.......     75%         4
 Blade Hands              Tmut           ##........   83%         5


Dungeon Overview and Level Annotations

Branches:
Dungeon (1/1)

Altars:


Innate Abilities, Weirdness & Mutations

You cannot be hasted, slowed, berserked, paralysed or teleported.
You can dig through walls and to a lower floor.
Your four strong arms can wield two-handed weapons with a shield.
You have a pair of large antennae on your head. (SInv)
You have razor-sharp toenails.


Message History

The adder bites you.
You are poisoned.
The adder poisons you!
You feel better. The adder barely misses you. The adder closely misses you.
You feel much better.
Your transformation is almost over.
The adder barely misses you.
You hit the adder but do no damage. Your kick misses the adder.
The adder is almost dead.
The adder closely misses you.
You miss the adder. You claw the adder, but do no damage.
The adder is almost dead.
The adder closely misses you.
You hit the adder.
You kill the adder!
You hit the ogre. You claw the ogre, but do no damage.
The ogre is moderately wounded.
The ogre hits you with a +0 giant spiked club!!
Ouch! That really hurt!
You die...

▓.▓
▓.▓
▓.▓
▓'▓
▓)▓
▓.▓
▓.▓
▓.▓
▓@▓
▓O▓
▓c▓
▓.▓
▓Z▓
▓.▓
▓.▓
▓+▓


You could see an ogre, a centaur and a leopard gecko skeleton.

Vanquished Creatures
  A hound (D)
  An adder (D)
  A hobgoblin (D)
  A kobold (D)
  2 bats (D)
  A frilled lizard (D)
7 creatures vanquished.

Notes
Turn   | Place    | Note
-------+----------+-------------------------------------------
     0 | D        | mhtbhm the Formicid Transmuter began the quest for the Orb.
     0 | D        | Reached XP level 1. HP: 15/15 MP: 3/3
    47 | D        | Noticed a hound
    47 | D        | Noticed an ogre
    47 | D        | Noticed a centaur
    51 | D        | Killed a hound
    51 | D        | Reached skill level 5 in Unarmed Combat
    51 | D        | Reached XP level 2. HP: 10/21 MP: 4/6
    51 | D        | Reached XP level 3. HP: 12/26 MP: 4/7
    61 | D        | Slain by an ogre

Illustrated notes

Levels and vault maps discovered:
D:        linesprint [early_d, line_temple, items_1, d_10, items_2, lair_1,
          lair_end, items_3, orc_1, orc_end, items_4, d_15, swamp_1, shoals_1,
          snake_1, spider_1, d_20, vaults_1, items_5, swamp_end, shoals_end,
          snake_end, spider_end, vaults_end, d_27, items_6, zot_1, zot_end,
          crypt_end, forest_end, elf_end, slime_end, tomb_end, abyss_end,
          pan_hell_end]

Skill      XL: |  1 |
---------------+----+-----
Dodging        | 2 |  2.8
Unarmed Combat | 5 |  5.7
Spellcasting   | 3 |  3.5
Transmutations | 3 |  3.4
Fighting       | |  1.1

Action                   || total
-------------------------++-------
Melee: Unarmed           ||    22
       Kick              ||     5
 Cast: Beastly Appendage ||     2
  Use: Potion            ||     2
Armor: Robe              ||     2
Dodge: Dodged            ||    15

Table legend: (Time is in decaauts)
 A = Elapsed time spent in this place.
 B = Non-inter-level travel time spent in this place.
 C = Inter-level travel time spent in this place.
 D = Time resting spent in this place.
 E = Time spent auto-exploring this place.
 F = Levels seen in this place.
 G = Mean time per level.
                   A        B        C        D        E       F      G
               +--------+--------+--------+--------+--------+-----+--------+
         Total |     59 |     59 |      0 |     25 |      0 |   1 |   59.0 |
       Dungeon |     59 |     59 |      0 |     25 |      0 |   1 |   59.0 |
               +--------+--------+--------+--------+--------+-----+--------+

Top non-repeatable levels by time:
       D: 59 daAuts
